 Dungeon Crawl Stone Soup version 0.29-a0-284-gf9362112df (webtiles) character file.

Game seed: 16015992107890893343

950 Dabor the Cudgeller (level 7, -2/70 HPs)
             Began as a Troll Fighter on Mar 15, 2022.
             Slain by a killer bee (3 damage)
             ... on level 5 of the Dungeon.
             The game lasted 00:10:43 (4040 turns).

Dabor the Cudgeller (Troll Fighter)                 Turns: 4040, Time: 00:10:43

Health: -2/70      AC:  7    Str: 27    XL:     7   Next: 90%
Magic:  6/6        EV:  9    Int:  4    God:
Gold:   102        SH:  8    Dex:  9    Spells: 6/6 levels left

rFire   + . .      SeeInvis .   F - +5 mace
rCold   . . .      Faith    .   c - +0 kite shield
rNeg    . . .      Spirit   .   b - +0 robe
rPois   .          Reflect  .   h - +1 hat
rElec   .          Harm     .   E - +1 cloak
rCorr   .          Rampage  .   (gloves unavailable)
Will    .....                   (boots unavailable)
Stlth   +.........              g - amulet of regeneration
HPRegen 1.81/turn               m - ring of flight
MPRegen 0.10/turn               v - ring of protection from fire

@: flying, hasted, studying Maces & Flails, very quick
A: large, unfitting armour, claws 3, regeneration 1, shaggy fur 1, tough skin 1
a: no special abilities


You were on level 5 of the Dungeon.
You visited 1 branch of the dungeon, and saw 5 of its levels.

You collected 234 gold pieces.
You spent 132 gold pieces at shops.

Inventory:

Hand Weapons
 a - a +0 flail
 C - a +0 morningstar
 F - a +5 mace (weapon)
Missiles
 k - a boomerang (quivered)
Armour
 b - a +0 robe (worn)
 c - a +0 kite shield (worn)
 h - a +1 hat (worn)
 E - a +1 cloak (worn)
Jewellery
 g - an amulet of regeneration (around neck)
 m - a ring of flight (left claw)
 v - a ring of protection from fire (right claw)
Wands
 y - a wand of flame (16)
 D - a wand of iceblast (3)
Scrolls
 d - a scroll of noise
 e - a scroll of amnesia
 f - a scroll of teleportation
Potions
 i - a potion of brilliance {unknown}
 l - 2 potions of haste
 n - a potion of degeneration {unknown}
 p - a potion of heal wounds {unknown}
 q - 4 potions of curing
 t - a potion of attraction {unknown}
 x - 3 potions of flight {unknown}
 A - a potion of lignification {unknown}
 B - a potion of berserk rage {unknown}


   Skills:
 + Level 4.3 Fighting
 + Level 4.3 Maces & Flails
 + Level 2.4 Throwing
 + Level 4.2 Dodging
 + Level 4.3 Shields


You had 6 spell levels left.
You didn't know any spells.
Your spell library was empty.

Dungeon Overview and Level Annotations

Branches:
Dungeon (5/15)
 Temple: D:4-7

Altars:
Makhleb
Vehumet

Shops:
D:1 [


Innate Abilities, Weirdness & Mutations

You are too large for most types of armour.
You have claws for hands.
Your natural rate of healing is unusually fast.
You are covered in fur. (AC +1)
You have tough skin. (AC +1)


Message History

The killer bee attacks as you move away!
The killer bee misses you.
You feel very sick.
The killer bee stings you but does no damage.
The killer bee attacks as you move away!
The killer bee closely misses you.
The killer bee attacks as you move away!
The killer bee barely misses you.
You feel sick.
The killer bee attacks as you move away!
The killer bee stings you but does no damage.
You feel sick. The killer bee stings you!
* * * LOW HITPOINT WARNING * * *
It was a potion of haste.
You feel yourself speed up.
You feel sick. You block the killer bee's attack.
The killer bee barely misses you. x2
The killer bee stings you.
* * * LOW HITPOINT WARNING * * *
You are more poisoned.
The killer bee poisons you!
Okay, then.
The killer bee attacks as you move away!
You block the killer bee's attack.
You feel sick.
The killer bee attacks as you move away!
You block the killer bee's attack.
The killer bee attacks as you move away!
The killer bee stings you.
* * * LOW HITPOINT WARNING * * *
You are lethally poisoned!
The killer bee poisons you!
* * * LOW HITPOINT WARNING * * *
You feel very sick.
* * * LOW HITPOINT WARNING * * *
You feel very sick.
It was a potion of curing.
You feel better. You block the killer bee's attack.
The killer bee stings you but does no damage.
The killer bee stings you!
* * * LOW HITPOINT WARNING * * *
The killer bee stings you.
* * * LOW HITPOINT WARNING * * *
The killer bee stings you.
You die...

..## #..# #........# ...# #..#
#........### ...## #..##
##...>....## ....# #...###
#.......... ...## ##.....####
#..........
..######.........######..........
................y................
..........##..yyyy...............
....####.. ####y@......#.........
#...# ##> ##....####....#....
##..## #....###.<.## #....##..<
#...# ....#...## ##...###.. #...#
#......## #..## ### ##..#
#.....## ##..## # #..## ##....#
#....##### ##...# ##....##
#........# ##....###......##
##.........


You could see 6 killer bees.

Vanquished Creatures
  Sigmund (D:3)
  An ogre (D:4)
  A phantom (D:5)
  2 scorpions (D:4)
  A howler monkey (D:5)
  Crazy Yiuf (D:3)
  An orc priest (D:3)
  4 hounds
  2 jellies
  2 iguanas
  Ijyb (D:2)
  A howler monkey skeleton (D:3)
  5 adders
  An adder skeleton (D:3)
  An adder zombie (D:3)
  3 worms
  6 dart slugs
  5 orcs
  12 ball pythons
  9 endoplasms
  2 giant cockroaches
  4 goblins
  12 hobgoblins
  6 jackals
  7 kobolds
  4 quokkas
  4 bats
  7 frilled lizards
  6 rats
112 creatures vanquished.

Vanquished Creatures (others)
  A plant (D:4)
  3 withered plants (D:3)
4 creatures vanquished.

Grand Total: 116 creatures vanquished

Notes
Turn   | Place    | Note
-------+----------+-------------------------------------------
     0 | D:1      | Dabor the Troll Fighter began the quest for the Orb.
     0 | D:1      | Reached XP level 1. HP: 22/22 MP: 0/0
    58 | D:1      | Reached XP level 2. HP: 25/29 MP: 1/1
    75 | D:1      | Found Enwuggik's Armour Shoppe.
   381 | D:1      | Reached XP level 3. HP: 36/36 MP: 2/2
  1037 | D:2      | Reached XP level 4. HP: 44/44 MP: 3/3
  1437 | D:3      | You fall into a shaft and drop 1 floor!
  1486 | D:4      | Identified the +0 helmet of the Jabberwock {Dex+5}
  1524 | D:4      | Reached XP level 5. HP: 48/53 MP: 4/4
  1769 | D:4      | Reached XP level 6. HP: 61/61 MP: 5/5
  1938 | D:4      | Reached skill level 1 in Throwing
  2065 | D:4      | Found a radiant altar of Vehumet.
  2270 | D:5      | Entered Level 5 of the Dungeon
  2392 | D:5      | Reached XP level 7. HP: 66/68 MP: 6/6
  2907 | D:3      | Noticed Sigmund
  2908 | D:3      | Noticed Ijyb
  2939 | D:2      | Killed Ijyb
  2958 | D:3      | Killed Sigmund
  3045 | D:3      | Found a runed translucent door.
  3046 | D:3      | Noticed Crazy Yiuf
  3158 | D:3      | Killed Crazy Yiuf
  3183 | D:3      | Identified a scroll of acquirement
  3186 | D:3      | Acquired a manual of Maces & Flails
  3305 | D:1      | Bought a +1 hat for 132 gold pieces
  3485 | D:5      | Identified the +2 ring mail of Limited Liability {rElec
                  | Will- Regen+ rCorr}
  3773 | D:5      | Found a burning altar of Makhleb.
  4039 | D:5      | HP: 3/70 [poisoned by a killer bee]
  4040 | D:5      | HP: 1/70 [killer bee (6)]
  4040 | D:5      | Slain by a killer bee

Illustrated notes

Levels and vault maps discovered:
D:1:      roderic_dead_forest, layout_basic, serial_shops, nicolae_shop_crystal,
          minmay_heptomino_l4
D:2:      layout_basic
D:3:      layout_rooms, serial_undead, serial_undead_e, serial_undead_c,
          serial_undead_d, serial_undead_d, serial_undead_b, st_stairs_4,
          uniq_ijyb, uniq_crazy_yiuf_cottage, uniq_sigmund
D:4:      layout_loops_ring, vehumet_altar_wand_db, serial_rivers,
          chequers_serial_rivers_micro_d, chequers_serial_rivers_micro_e,
          chequers_serial_rivers_micro_c, chequers_serial_rivers_micro_e,
          serial_bayou_crossing
D:5:      layout_layer_cave, nicolae_elyvilon_temple_path, bloody_makhleb

Skill      XL: |  1  2  3  4  5  6  7 |
---------------+----------------------+-----
Maces & Flails | 2 3 4 |  4.3
Shields        | 3 4 |  4.3
Fighting       | 3 4 |  4.3
Dodging        | 3 4 |  4.2
Throwing       | 1 2 |  2.4

Action                   |  1- 3 |  4- 6 |  7- 9 || total
-------------------------+-------+-------+-------++-------
Melee: Flail             |   142 |   148 |    69 ||   359
       Morningstar       |       |       |    31 ||    31
       Mace              |       |       |    22 ||    22
Throw: Boomerang         |       |    15 |    19 ||    34
Evoke: Wand              |       |       |     6 ||     6
  Use: Scroll            |       |       |    11 ||    11
       Potion            |       |       |     3 ||     3
 Stab: Sleeping          |     1 |       |       ||     1
Armor: Robe              |    64 |    50 |    49 ||   163
Dodge: Dodged            |    71 |    57 |    72 ||   200
Block: Kite shield       |    58 |    74 |    59 ||   191

Table legend: (Time is in decaauts)
 A = Elapsed time spent in this place.
 B = Non-inter-level travel time spent in this place.
 C = Inter-level travel time spent in this place.
 D = Time resting spent in this place.
 E = Time spent auto-exploring this place.
 F = Levels seen in this place.
 G = Mean time per level.
                   A        B        C        D        E       F      G
               +--------+--------+--------+--------+--------+-----+--------+
         Total |   4215 |   3848 |    367 |     48 |   2480 |   5 |  843.0 |
       Dungeon |   4215 |   3848 |    367 |     48 |   2480 |   5 |  843.0 |
               +--------+--------+--------+--------+--------+-----+--------+

Top non-repeatable levels by time:
     D:4: 956 daAuts
     D:5: 840 daAuts
     D:3: 825 daAuts
     D:2: 814 daAuts
     D:1: 779 daAuts
